 Dungeon Crawl Stone Soup version 0.30-a0-782-ge64f9170bb (webtiles) character file.

Game seed: 970383697056323418

32 senseless the Magician (level 3, -1/25 HPs)
             Began as a Djinni Hedge Wizard on Mar 1, 2023.
             Was a High Priest of Ignis.
             Slain by a worm (11 damage)
             ... on level 2 of the Dungeon.
             The game lasted 00:03:39 (902 turns).

senseless the Magician (Djinni Hedge Wizard)         Turns: 902, Time: 00:03:40

Health: -1/25      AC:  2    Str:  9    XL:     3   Next: 42%
Gold:   76         EV: 12    Int: 17    God:    Ignis [*****.] SH:  0 Dex: 12

rFire   + + +      SeeInvis .    a - +0 dagger
rCold   x . .      Faith    .    (no shield)
rNeg    . . .      Spirit   .    b - +0 robe
rPois   ∞          Reflect  .    c - +0 hat
rElec   .          Harm     .    (no cloak)
rCorr   .          Rampage  .    (no gloves)
Will    .....                    (boots unavailable)
Stlth   ++                       f - amulet of regeneration
HPRegen 1.04/turn                (no ring)
MPRegen 0.00/turn                (no ring)

@: flying
A: sickness immunity, fire resistance 2, cold vulnerability 1, float, innate
caster, HP casting, extra vitality 1
a: Renounce Religion, Fiery Armour, Foxfire Swarm, Rising Flame


You were on level 2 of the Dungeon.
You worshipped Ignis.
Ignis was extremely pleased with you.
You visited 1 branch of the dungeon, and saw 2 of its levels.

You collected 76 gold pieces.

Inventory:

Hand Weapons
 a - a +0 dagger (weapon)
Armour
 b - a +0 robe (worn)
 c - a +0 hat (worn)
 m - a +0 plate armour
Jewellery
 f - an amulet of regeneration (around neck)
Scrolls
 e - 2 scrolls of identify {unknown}
 j - a scroll of vulnerability {unknown}
 k - a scroll of teleportation {unknown}
 l - 2 scrolls of noise {unknown}
Potions
 d - a potion of degeneration {unknown}
 g - 2 potions of heal wounds {unknown}
 h - a potion of mutation {unknown}
 i - a potion of brilliance {unknown}


   Skills:
 + Level 0.1 Short Blades
 + Level 2.4 Dodging
 + Level 1.8 Stealth
 + Level 3.1 Spellcasting


You couldn't memorise any spells.
You knew the following spells:

 Your Spells              Type           Power      Damage    Failure   Level
a - Magic Dart            Conj           52%        1d5       4%          1
b - Slow                  Hex            52%        N/A       4%          1
c - Blink                 Tloc           26%        N/A       7%          2
d - Call Imp              Summ           13%        N/A       7%          2
e - Mephitic Cloud        Conj/Pois/Air  13%        N/A       14%         3
f - Kiss of Death         Conj/Necr      52%        2d9       4%          1
Your spell library was empty.

Dungeon Overview and Level Annotations

Branches:
Dungeon (2/15)

Altars:
Ignis


Innate Abilities, Weirdness & Mutations

You are immune to sickness and miasma.
You are immune to poison.
Your flesh is very heat resistant. (rF++)
You are vulnerable to cold. (rC-)
You float through the air rather than walking.
You learn spells naturally, not from books.
Your magical power is your life essence.
You have superior vitality. (+4 MHP)


Message History

You hit the worm.
The worm is moderately wounded.
You barely miss the worm.
The worm is moderately wounded.
You barely miss the worm.
The worm is moderately wounded.
The worm bites you!
You barely miss the worm.
The worm is lightly wounded.
You barely miss the worm.
The worm is lightly wounded.
There is an escape hatch in the ceiling here.
You hit the worm.
The worm is lightly wounded.
The worm bites you!
You miscast Magic Dart.
You are very lightly contaminated with residual magic.
Nothing appears to happen.
The magic dart hits the worm.
The worm is lightly wounded.
The magic dart hits the worm.
The worm is lightly wounded.
Your magical contamination has completely faded away.
The magic dart hits the worm.
The worm is moderately wounded.
The worm bites you!
You hit the worm but do no damage.
The worm is lightly wounded.
You hit the worm.
The worm is moderately wounded.
The worm barely misses you.
You hit the worm.
The worm is heavily wounded.
You barely miss the worm.
The worm is heavily wounded.
The worm bites you!
You hit the worm.
The worm is heavily wounded.
The worm bites you!
You die...

......#......#.##.#........#
#.#...#..#####.##.#######.(.
......#..##.......# #.#.
......#.###.##.#..# #...
.......<###.##.#..# #.#.
..#.>..........#..#######...
#.........#..............#
+.......###.##############
######..w@..<..........# #
#..###...##..####.# #
#.>.......#..#.<..# #
###########..########
#........#. ##...####.#.
#.......#.#. ###...#.#.#.
###...#.#.#.


You could see a worm.

Vanquished Creatures
  2 ball pythons
  5 bats (D:1)
  7 endoplasms
  A giant cockroach (D:1)
  A goblin (D:1)
  4 hobgoblins
  A kobold (D:1)
  A quokka (D:1)
  3 frilled lizards (D:1)
  A rat (D:1)
26 creatures vanquished.

Notes
Turn   | Place    | Note
-------+----------+-------------------------------------------
     0 | D:1      | senseless the Djinni Hedge Wizard began the quest for the
                  | Orb.
     0 | D:1      | senseless set off with the following spells memorised:
                  | Magic Dart, Slow, Blink, Call Imp, Mephitic Cloud.
     0 | D:1      | Reached XP level 1. HP: 15/15 MP: 0/0
    73 | D:1      | Reached XP level 2. HP: 21/21 MP: 0/0
    76 | D:1      | Noticed a golden eye
    78 | D:1      | Found a faded altar of an unknown god.
    80 | D:1      | Noticed a great orb of eyes
    80 | D:1      | Noticed a floating eye
    80 | D:1      | Noticed a great orb of eyes
    90 | D:1      | Prayed at the altar of an unknown god.
    90 | D:1      | Became a worshipper of Ignis, the Dying Flame
   308 | D:1      | Reached skill level 3 in Spellcasting
   316 | D:1      | Reached XP level 3. HP: 25/25 MP: 0/0
   316 | D:1      | Learned a level 1 spell: Kiss of Death
   902 | D:2      | Slain by a worm

Illustrated notes

Levels and vault maps discovered:
D:1:      dpeg_arrival_pits, layout_loops_ring,
          hellmonk_ecumenical_altar_watching_god, chequers_serial_rivers_room_a
D:2:      layout_basic, serial_glass, glass_columns_a, glass_columns_b,
          minmay_bisected, uniq_crazy_yiuf_cottage

Skill      XL: |  1  2 |
---------------+-------+-----
Spellcasting   | 3 |  3.1
Short Blades   | |  0.1
Dodging        | |  2.4
Stealth        | |  1.8

Action                     || total
---------------------------++-------
  Melee: Dagger            ||    41
   Cast: Magic Dart        ||    59
 Armour: Robe              ||     4
  Dodge: Dodged            ||    24

Table legend: (Time is in decaauts)
 A = Elapsed time spent in this place.
 B = Non-inter-level travel time spent in this place.
 C = Inter-level travel time spent in this place.
 D = Time resting spent in this place.
 E = Time spent auto-exploring this place.
 F = Levels seen in this place.
 G = Mean time per level.
                   A        B        C        D        E       F      G
               +--------+--------+--------+--------+--------+-----+--------+
         Total |    901 |    870 |     31 |      0 |    693 |   2 |  450.5 |
       Dungeon |    901 |    870 |     31 |      0 |    693 |   2 |  450.5 |
               +--------+--------+--------+--------+--------+-----+--------+

Top non-repeatable levels by time:
     D:1: 692 daAuts
     D:2: 209 daAuts
